 Dungeon Crawl Stone Soup version 0.29-a0-284-gf9362112df (webtiles) character file.

Game seed: 5232058981952746070

120 SkeletonJelly the Slasher (level 4, -3/40 HPs)
             Began as a Draconian Monk on Mar 28, 2022.
             Was an Elder of Uskayaw.
             Slain by an orc
             ... wielding a +0 flail
              (4 damage)
             ... on level 2 of the Dungeon.
             The game lasted 00:05:04 (1807 turns).

SkeletonJelly the Slasher (Draconian Monk)          Turns: 1807, Time: 00:05:05

Health: -3/40      AC:  5    Str: 15    XL:     4   Next: 75%
Magic:  4/5        EV: 12    Int: 11    God:    Uskayaw [****..]
Gold:   111        SH:  0    Dex: 13    Spells: 3/3 levels left

rFire   + . .      SeeInvis .   a - +0 falchion
rCold   . . .      Faith    .   (no shield)
rNeg    . . .      Spirit   .   (body armour unavailable)
rPois   .          Reflect  .   (helmet restricted)
rElec   .          Harm     .   (no cloak)
rCorr   .          Rampage  .   (no gloves)
Will    .....                   (no boots)
Stlth   ++........              (no amulet)
HPRegen 0.13/turn               h - ring of protection from fire
MPRegen 0.09/turn               m - ring of wizardry

@: no status effects
A: AC +5, unfitting armour, cold-blooded
a: Renounce Religion, Stomp, Line Pass


You were on level 2 of the Dungeon.
You worshipped Uskayaw.
Uskayaw was noncommittal.
You visited 1 branch of the dungeon, and saw 3 of its levels.

You collected 111 gold pieces.

Inventory:

Hand Weapons
 a - a +0 falchion (weapon)
Missiles
 i - 10 poisoned darts (quivered)
Jewellery
 h - a ring of protection from fire (left hand)
 m - a ring of wizardry (right hand)
Scrolls
 d - a scroll of teleportation {unknown}
 e - 6 scrolls of identify {unknown}
 f - 2 scrolls of blinking {unknown}
 g - 4 scrolls of brand weapon {unknown}
 j - 2 scrolls of enchant weapon {unknown}
 l - a scroll of amnesia {unknown}
Potions
 b - 2 potions of ambrosia
 c - a potion of mutation {unknown}
 k - a potion of magic {unknown}


   Skills:
 + Level 4.2 Fighting
 * Level 4.6 Long Blades
 - Level 2.6 Dodging
 - Level 1.7 Stealth
 + Level 1.5 Invocations


You had 3 spell levels left.
You didn't know any spells.
Your spell library contained the following spells:

 Spells                   Type           Power      Damage    Failure   Level
 Alistair's Intoxication  Tmut/Pois      0%         N/A       98%         5
 Borgnjor's Vile Clutch   Necr/Erth      0%         N/A       98%         5
 Fireball                 Conj/Fire      0%         3d3       98%         5
 Iskenderun's Battlesphe  Conj           0%         2d6       98%         5
 Conjure Ball Lightning   Conj/Air       0%         3x3d6     100%        6
 Eringya's Noxious Bog    Tmut/Pois      0%         N/A       100%        6
 Orb of Destruction       Conj           0%         9d5       100%        7


Dungeon Overview and Level Annotations

Branches:
Dungeon (3/15)

Altars:
Uskayaw

Annotations:
D:3 Jessica


Innate Abilities, Weirdness & Mutations

Your plain brown scales are hard. (AC +5)
You cannot fit into any form of body armour.
You are cold-blooded and may be slowed by cold attacks.


Message History

Uskayaw will force your foes to helplessly watch your dance.
Uskayaw prepares the audience for your solo!
Your Fighting skill increases to level 4!
You have reached level 4!
You feel clever.
You regained 6 hp, and now have 32/40 hp.
MP restored: 4 The helpless orc wizard fails to defend itself.
You hit the orc wizard.
You tail-slap the orc wizard, but do no damage.
The orc wizard is lightly wounded.
The orc is no longer paralysed.
The orc wizard is no longer paralysed.
The orc is no longer paralysed.
You barely miss the orc wizard.
Your tail-slap misses the orc wizard.
The orc wizard is lightly wounded.
The orc wizard barely misses you. The orc hits you with a +0 club.
The orc barely misses you.
The orc wizard gestures at you while chanting.
The puff of flame hits you. You resist.
You take 9 damage, and have 23/40 hp.
MASSIVE DAMAGE!!
You hit the orc wizard.
The orc wizard is heavily wounded.
The orc wizard closely misses you. The orc hits you but does no damage.
You barely miss the orc wizard.
The orc wizard is heavily wounded.
The orc wizard hits you but does no damage.
The orc hits you but does no damage.
You hit the orc wizard.
The orc wizard is severely wounded.
The orc wizard hits you with a +0 dagger.
The orc barely misses you.
Uskayaw will force your foes to share their pain.
Uskayaw links your audience in an emotional bond!
You take 1 damage, and have 23/40 hp.
You hit the orc wizard but do no damage.
Your tail-slap misses the orc wizard.
The orc wizard is severely wounded.
The orc wizard barely misses you. The orc hits you but does no damage.
You closely miss the orc wizard.
The orc wizard is severely wounded.
The orc wizard hits you with a +0 dagger.
The orc hits you but does no damage.
You take 2 damage, and have 21/40 hp.
You closely miss the orc wizard.
The orc wizard is severely wounded.
Jessica is no longer sharing her pain.
The orc is no longer sharing its pain.
The orc wizard is no longer sharing its pain.
The orc is no longer sharing its pain.
The orc wizard barely misses you. The orc barely misses you.
You closely miss the orc wizard.
Your tail-slap misses the orc wizard.
The orc wizard is severely wounded.
The orc wizard hits you but does no damage.
The orc hits you with a +0 club.
Jessica gestures wildly while chanting.
Jessica blinks!
You take 1 damage, and have 20/40 hp.
You are too injured to fight recklessly!
You are too injured to fight recklessly!
You are too injured to fight recklessly!
You closely miss the orc wizard. You tail-slap the orc wizard.
The orc wizard is severely wounded.
The orc wizard hits you with a +0 dagger.
The orc hits you but does no damage.
You take 3 damage, and have 17/40 hp.
You miss the orc wizard.
Your tail-slap misses the orc wizard.
The orc wizard is severely wounded.
The orc wizard hits you but does no damage.
The orc hits you with a +0 club.
You take 3 damage, and have 14/40 hp.
You closely miss the orc wizard.
The orc wizard is severely wounded.
The orc wizard completely misses you. The orc closely misses you.
You hit the orc wizard. You tail-slap the orc wizard.
The orc wizard is almost dead.
The orc wizard hits you but does no damage.
The orc completely misses you.
Uskayaw will force your foes to share their pain.
You hit the orc wizard.
You kill the orc wizard!
You completely miss the orc. The orc hits you with a +0 club.
The orc barely misses you.
You take 1 damage, and have 13/40 hp.
You hit the orc.
The orc is heavily wounded.
The orc misses you. The orc hits you with a +0 flail!
* * * LOW HITPOINT WARNING * * *
You take 8 damage, and have 5/40 hp.
You hit the orc.
You kill the orc!
The orc closely misses you. The orc attacks as you move away!
The orc hits you but does no damage.
There is a stone staircase leading up here.
The orc misses you.
Jessica shouts, "You're disturbing me!
I'll have to kill you!"
You climb upwards.
There is a stone staircase leading down here.
You barely miss the orc. The orc hits you with a +0 flail.
* * * LOW HITPOINT WARNING * * *
The orc hits you with a +0 flail.
You die...

###### #....## ###### #.##..##
#....# #.#8..8## #.##.# #....o..#
##.##.######....@..##############
.............#8..8#..............
.#.##........##..######.#####..#.
.#.###......#.#.########.###.#.#.
.### #......#..........##.#.####.
.#####......#........####...####'
............+....................
######......#........####...####.
.# #......##.........##.#.###..


You could see an orc.

Vanquished Creatures
  2 orc wizards (D:3)
  2 adders (D:2)
  A worm (D:3)
  2 orcs (D:3)
  4 bats
  5 endoplasms
  A giant cockroach (D:1)
  5 goblins
  7 hobgoblins
  2 kobolds
  5 quokkas
  4 ball pythons
  2 frilled lizards (D:2)
  2 rats
44 creatures vanquished.

Notes
Turn   | Place    | Note
-------+----------+-------------------------------------------
     0 | D:1      | SkeletonJelly the Draconian Monk began the quest for the
                  | Orb.
     0 | D:1      | Reached XP level 1. HP: 19/19 MP: 1/1
   118 | D:1      | Reached XP level 2. HP: 13/26 MP: 2/2
   754 | D:1      | Found a faded altar of an unknown god.
   759 | D:1      | Prayed at the altar of an unknown god.
   759 | D:1      | Became a worshipper of Uskayaw the Reveller
   759 | D:1      | Reached * piety under Uskayaw
   759 | D:1      | Reached ** piety under Uskayaw
   928 | D:2      | Reached XP level 3. HP: 25/33 MP: 3/3
   930 | D:2      | Reached *** piety under Uskayaw
  1776 | D:3      | Noticed Jessica
  1781 | D:3      | Reached skill level 1 in Invocations
  1785 | D:3      | Reached XP level 4. HP: 32/40 MP: 4/4
  1789 | D:3      | Reached **** piety under Uskayaw
  1807 | D:2      | HP: 1/40 [orc/+0 flail (5)]
  1807 | D:2      | Slain by an orc

Illustrated notes

Levels and vault maps discovered:
D:1:      dpeg_arrival_rooms_with_view, layout_basic,
          hellmonk_ecumenical_altar_heavens_door,
          nicolae_concentric_dashed_squares_wild
D:2:      layout_basic, hex_intersection, st_stairs_6
D:3:      layout_loops_ring, uniq_crazy_yiuf_cottage, uniq_jessica

Skill      XL: |  1  2  3 |
---------------+----------+-----
Long Blades    | 4 |  4.6
Invocations    | 1 |  1.5
Fighting       | 4 |  4.2
Dodging        | |  2.6
Stealth        | |  1.7

Action                   |  1- 3 |  4- 6 || total
-------------------------+-------+-------++-------
Melee: Falchion          |   114 |    18 ||   132
       Tailslap          |    17 |     3 ||    20
 Stab: Sleeping          |     4 |       ||     4
       Paralysed         |     1 |     1 ||     2
Armor: Skin              |    28 |    10 ||    38
Dodge: Dodged            |    87 |    14 ||   101

Table legend: (Time is in decaauts)
 A = Elapsed time spent in this place.
 B = Non-inter-level travel time spent in this place.
 C = Inter-level travel time spent in this place.
 D = Time resting spent in this place.
 E = Time spent auto-exploring this place.
 F = Levels seen in this place.
 G = Mean time per level.
                   A        B        C        D        E       F      G
               +--------+--------+--------+--------+--------+-----+--------+
         Total |   1819 |   1768 |     51 |      0 |   1434 |   3 |  606.3 |
       Dungeon |   1819 |   1768 |     51 |      0 |   1434 |   3 |  606.3 |
               +--------+--------+--------+--------+--------+-----+--------+

Top non-repeatable levels by time:
     D:1: 922 daAuts
     D:2: 690 daAuts
     D:3: 206 daAuts
